 Dungeon Crawl Stone Soup version 0.28.0-53-g5a82cb258f (webtiles) character file.

Game seed: 6456246963105956351

4788 bnorton916 the Thaumaturge (level 10, -15/50 HPs)
             Began as a Deep Elf Fire Elementalist on June 15, 2022.
             Was an Initiate of Gozag.
             Killed from afar by a fire dragon (36 damage)
             ... with a blast of flame
             ... on level 9 of the Dungeon.
             The game lasted 00:17:21 (15695 turns).

bnorton916 the Thaumaturge (DEFE)                  Turns: 15695, Time: 00:17:22

Health: -15/50     AC:  6    Str:  5    XL:     10   Next: 24%
Magic:  28/28      EV: 12    Int: 25    God:    Gozag
Gold:   482        SH:  0    Dex: 15    Spells: 21/34 levels left

rFire   . . .      SeeInvis .   (no weapon)
rCold   . . .      Faith    .   (no shield)
rNeg    + . .      Spirit   .   C - +0 robe {rN+}
rPois   +          Reflect  .   l - +2 helmet
rElec   .          Harm     .   (no cloak)
rCorr   .          Rampage  .   (no gloves)
Will    +....                   B - +0 pair of boots
Stlth   ++........              I - amulet of regeneration
HPRegen 0.96/turn               G - ring of poison resistance
MPRegen 0.21/turn               (no ring)

@: no status effects
A: no striking features
a: Renounce Religion, Potion Petition, Call Merchant, Bribe Branch


You were on level 9 of the Dungeon.
You worshipped Gozag.
Gozag was aware of your devotion.
You visited 2 branches of the dungeon, and saw 10 of its levels.

You collected 884 gold pieces.
You spent 336 gold pieces at shops.
You paid 66 gold pieces to Gozag.

Inventory:

Hand Weapons
 p - a +4 spear
 s - a +3 flail
 t - a +2 short sword of protection
 z - a +4 dagger of venom
 D - a +1 dagger of electrocution
Missiles
 f - 3 boomerangs of dispersal
 j - 15 poisoned darts
 m - 112 stones
 y - 3 boomerangs
 F - 8 javelins
Armour
 l - a +2 helmet (worn)
 B - a +0 pair of boots (worn)
 C - a +0 robe of positive energy (worn)
Jewellery
 G - a ring of poison resistance (left hand)
 I - an amulet of regeneration (around neck)
Wands
 u - a wand of charming (2)
 A - a wand of iceblast (17)
 J - a wand of mindburst (16)
Scrolls
 a - a scroll of identify
 c - 3 scrolls of teleportation
 h - 2 scrolls of immolation
 i - 2 scrolls of enchant armour
 k - 2 scrolls of magic mapping
 o - 2 scrolls of enchant weapon {unknown}
 q - 2 scrolls of silence
 v - a scroll of vulnerability {unknown}
 w - 2 scrolls of noise
 E - a scroll of blinking {unknown}
 H - a scroll of fog {unknown}
Potions
 b - a potion of cancellation {unknown}
 d - 4 potions of curing
 e - 2 potions of heal wounds
 g - 2 potions of ambrosia {unknown}
 n - a potion of invisibility {unknown}
 r - 3 potions of attraction {unknown}
 x - a potion of might
 K - a potion of brilliance {unknown}
 L - a potion of berserk rage {unknown}


   Skills:
 - Level 4.0 Armour
 - Level 2.4 Dodging
 - Level 2.4 Stealth
 * Level 12.5 Spellcasting
 + Level 8.3 Conjurations
 + Level 9.0 Fire Magic


You had 21 spell levels left.
You knew the following spells:

 Your Spells              Type           Power      Damage    Failure   Level
a - Foxfire               Conj/Fire      100%       2x1d9     1%          1
b - Scorch                Fire           100%       2d10      1%          2
c - Conjure Flame         Conj/Fire      56%        6-21      1%          3
d - Flame Wave            Conj/Fire      56%        2d11      1%          4
e - Swiftness             Air            15%        N/A       12%         3

Your spell library contained the following spells:

 Spells                   Type           Power      Damage    Failure   Level
 Shock                    Conj/Air       100%       1d9       1%          1
 Inner Flame              Hex/Fire       38%        N/A       1%          3
 Airstrike                Air            7%         N/A       36%         4


Dungeon Overview and Level Annotations

Branches:
Dungeon (9/15)             Temple (1/1) D:5            Lair (0/6) D:9
    Orc: D:9-12

Altars:
Ashenzari
Cheibriados
Dithmenos
Elyvilon
Fedhas
Gozag
Hepliaklqana
Kikubaaqudgha
Makhleb
Nemelex Xobeh
Okawaru
Qazlal
Ru
Sif Muna
Trog
Uskayaw
Vehumet
Wu Jian
Xom
Yredelemnul
Zin
The Shining One

Shops:
D:2 !   D:8 [*:[[

Annotations:
D:4 2 transporters, safid's ghost, amateur HOFi
D:7 Joseph


Message History

Ouch! That really hurt!
That's the wrong kind of item! (Use * to select it.) Evoke which item? (* to show all) (? for menu, Esc to quit)
Okay, then.
Really attack while wielding nothing?
Okay, then.
Aiming: Iceblast
Press: ? - help, Shift-Dir - straight line, f/p - fire dragon
Aim: a fire dragon (lightly wounded, catching its breath)
The mass of ice explodes!
The iceblast engulfs the fire dragon!
The fire dragon is frozen!
The fire dragon is lightly wounded.
Unknown command.
Unknown command.
Unknown command.
Aiming: Iceblast
Press: ? - help, Shift-Dir - straight line, f/p - fire dragon
Aim: a fire dragon (lightly wounded, catching its breath)
The mass of ice explodes!
The iceblast engulfs the fire dragon!
The fire dragon is frozen!
The fire dragon is moderately wounded.
Unknown command.
Unknown command.
Press: ? - help, v - describe, . - travel, g - get item
Here: a fire dragon (moderately wounded, catching its breath)
Items here: ))) [[[.
The floor.
Aiming: Mindburst
Press: ? - help, Shift-Dir - straight line, f/p - fire dragon
Aim: a fire dragon (moderately wounded, catching its breath, chance to affect: 29%)
The fire dragon's mind is blasted!
Aiming: Mindburst
Press: ? - help, Shift-Dir - straight line, f/p - fire dragon
Aim: a fire dragon (heavily wounded, chance to affect: 29%)
The fire dragon easily resists.
The fire dragon breathes flames at you. The blast of flame hits you!!!
Ouch! That really hurt!
You die...
Your body crumbles into a pile of gold.

#.......?.....
#............
#.....[..... #..........
#.........###+#.......§§
#.........#...#.......≈§
#.........#.).+......≈≈≈
#......@D)')).#......§≈§
#.>......)#..)#.....≈≈.>
###########...#.....≈≈..
#.......+....+.....§.§≈
#.......#....#......≈≈.
#.......#...D#.........
#.......#....#.........
#.......##...#.........
#.......##'########....


You could see a fire dragon (catching breath).

Vanquished Creatures
  A two-headed ogre (D:8)
  A troll (D:5)
  6 yaks (D:9)
  Eustachio (D:5)
  5 water moccasins
  Duvessa (D:6)
  An orc warrior (D:9)
  An ice beast (D:6)
  2 ogres
  3 centaurs
  Blork the orc (D:4)
  A bullfrog (D:6)
  A scorpion (D:4)
  Dowan (D:6)
  A water moccasin zombie (D:7)
  A wyvern skeleton (D:6)
  A water moccasin skeleton (D:4)
  8 wights
  2 jellies
  A centaur skeleton (D:5)
  A centaur zombie (D:8)
  4 orc priests
  A bullfrog skeleton (D:5)
  A hound (D:6)
  A gnoll shaman (D:8)
  5 iguanas
  9 orc wizards
  A killer bee zombie (D:8)
  Robin (D:2)
  8 gnolls (D:8)
  A howler monkey skeleton (D:6)
  9 adders
  A shadow imp (D:6)
  4 white imps
  4 worms
  3 dart slugs
  35 orcs
  3 bats
  8 endoplasms
  5 giant cockroaches
  11 goblins
  6 hobgoblins
  4 quokkas
  8 ball pythons
  3 frilled lizards
  6 kobolds
  10 rats
193 creatures vanquished.

Vanquished Creatures (collateral kills)
  A foxfire (D:6)
1 creature vanquished.

Vanquished Creatures (others)
  797 foxfires
  5 plants (D:3)
  2 withered plants (D:3)
804 creatures vanquished.

Grand Total: 998 creatures vanquished

Notes
Turn   | Place    | Note
-------+----------+-------------------------------------------
     0 | D:1      | bnorton916 the Deep Elf Fire Elementalist began the quest
                  | for the Orb.
     0 | D:1      | Reached XP level 1. HP: 10/10 MP: 6/6
   489 | D:1      | Reached XP level 2. HP: 15/15 MP: 5/8
  1485 | D:2      | Reached XP level 3. HP: 19/19 MP: 7/10
  1780 | D:2      | Reached skill level 4 in Spellcasting
  1916 | D:2      | Reached XP level 4. HP: 20/24 MP: 7/12
  2392 | D:2      | Noticed Robin
  2398 | D:2      | Killed Robin
  2954 | D:2      | Found Gigipt's Distillery.
  3260 | D:3      | Reached XP level 5. HP: 28/28 MP: 5/14
  3697 | D:3      | Reached skill level 5 in Spellcasting
  3801 | D:3      | Found a faded altar of an unknown god.
  4021 | D:3      | Noticed a water moccasin
  4203 | D:4      | Found a transporter.
  4213 | D:4      | Learned a level 2 spell: Scorch
  4273 | D:4      | Noticed an ogre
  4298 | D:4      | Noticed safid's ghost (amateur HOFi)
  4305 | D:4      | Learned a level 3 spell: Conjure Flame
  4313 | D:4      | Noticed Blork the orc
  4320 | D:4      | Killed Blork the orc
  4321 | D:4      | Reached skill level 5 in Fire Magic
  4343 | D:4      | Found a shimmering blue altar of Sif Muna.
  4399 | D:4      | Reached XP level 6. HP: 32/32 MP: 12/16
  4468 | D:4      | Found a transporter.
  4613 | D:4      | Reached skill level 6 in Spellcasting
  4985 | D:4      | Reached XP level 7. HP: 36/36 MP: 15/18
  5338 | D:5      | Entered Level 5 of the Dungeon
  5599 | D:5      | Reached skill level 5 in Conjurations
  5869 | D:5      | Noticed Eustachio
  5888 | D:5      | Killed Eustachio
  5889 | D:5      | Reached skill level 7 in Spellcasting
  6420 | D:5      | Learned a level 4 spell: Flame Wave
  6569 | D:5      | Noticed a troll
  7648 | D:5      | Found a shimmering altar of Xom.
  7680 | D:5      | Found a staircase to the Ecumenical Temple.
  7693 | Temple   | Entered the Ecumenical Temple
  7932 | Temple   | Became a worshipper of Gozag Ym Sagoz the Greedy
  7951 | D:5      | Reached XP level 8. HP: 41/41 MP: 17/21
  8196 | D:5      | Killed a troll
  8197 | D:5      | Reached skill level 1 in Armour
  8197 | D:5      | Reached skill level 8 in Spellcasting
  8295 | D:2      | Bought a potion of curing for 36 gold pieces
  8295 | D:2      | Bought a potion of might for 48 gold pieces
  8596 | D:6      | Found a blossoming altar of Fedhas.
  8596 | D:6      | Found a stormy altar of Qazlal.
  8934 | D:6      | Found a broken altar of Ashenzari.
  9089 | D:6      | Reached skill level 9 in Spellcasting
  9610 | D:7      | Noticed Duvessa
  9610 | D:7      | Noticed Dowan
 10414 | D:6      | Killed Duvessa
 10418 | D:6      | Killed Dowan
 10453 | D:7      | Noticed Joseph
 10836 | D:6      | Reached XP level 9. HP: 23/45 MP: 17/24
 11187 | D:6      | Learned a level 3 spell: Swiftness
 11354 | D:6      | Reached skill level 10 in Spellcasting
 12657 | D:8      | Found Ymaceygu's Armour Emporium.
 13255 | D:8      | Noticed a two-headed ogre
 13283 | D:8      | Killed a two-headed ogre
 13284 | D:8      | Reached skill level 11 in Spellcasting
 13802 | D:8      | Found Elyac's Assorted Antiques.
 13813 | D:8      | Bought a large blue amulet for 140 gold pieces
 13819 | D:8      | Bought a scroll of identify for 56 gold pieces
 13819 | D:8      | Bought a scroll of identify for 56 gold pieces
 13829 | D:8      | Found Taovvuda's Book Shoppe.
 14001 | D:8      | Found Kelito Vyck's Armour Shoppe.
 14068 | D:8      | Found Bebrat's Armour Shop.
 14308 | D:8      | Found a glowing silver altar of Zin.
 14564 | D:8      | Found a hazy altar of Hepliaklqana.
 14677 | D:9      | Found a shadowy altar of Dithmenos.
 14703 | D:9      | Noticed a fire dragon
 14913 | D:9      | Found a staircase to the Lair.
 14963 | D:9      | Reached XP level 10. HP: 35/50 MP: 10/27
 14966 | D:9      | Reached skill level 12 in Spellcasting
 15488 | D:9      | HP: 2/50 [orc priest/+0 mace (4)]
 15695 | D:9      | Killed from afar by a fire dragon

Illustrated notes

Levels and vault maps discovered:
D:1:      nicolae_arrival_somewhat_less_tricky_arrival, layout_basic,
          lemuel_old_faithful
D:2:      minmay_diamond_boxcup, layout_loops_ring, serial_shops,
          nicolae_shop_trees, uniq_robin
D:3:      layout_rooms, shapermc_ecumenical_altar_flowoftime,
          lightli_corner_chamber
D:4:      layout_basic, tgw_sif, gammafunk_ghost_stat_death
D:5:      layout_basic, mainiacjoe_overflow_alcove_1, minmay_temple_entry_glass,
          chequers_serial_rivers_small_3, uniq_eustachio
D:6:      layout_loops_ring, grunt_temple_overflow_forces_of_nature,
          nicolae_ashenzari_skybound
D:7:      layout_rooms, uniq_duvessa, uniq_joseph
D:8:      layout_basic, zin_treasury, nzn_hepliaklqana_mist_gate, serial_shops,
          nicolae_shop_crystal, nicolae_square_shop, nicolae_stop_n_shop_1,
          nicolae_square_shop, shop
D:9:      minmay_separated_statues, layout_gridville,
          grunt_dithmenos_smoke_and_mirrors, minmay_lair_entry_lava,
          kennysheep_orc_monster_closet_entryway
Temple:   dpeg_chambers_temple

Skill      XL: |  1  2  3  4  5  6  7  8  9 10 |
---------------+-------------------------------+-----
Conjurations   | 2 3 4 5 6 8 |  8.3
Spellcasting   | 4 5 6 7 9 11 12 | 12.5
Fire Magic     | 4 5 6 7 8 9 |  9.0
Armour         | 2 4 |  4.0
Dodging        | |  2.4
Stealth        | |  2.4

Action                   |  1- 3 |  4- 6 |  7- 9 | 10-12 || total
-------------------------+-------+-------+-------+-------++-------
Melee: Unarmed           |       |    11 |     1 |       ||    12
       Punch             |       |     1 |       |       ||     1
 Cast: Foxfire           |    97 |   168 |   178 |    32 ||   475
       Conjure Flame     |       |     1 |     7 |     2 ||    10
       Scorch            |       |       |    68 |     6 ||    74
       Flame Wave        |       |       |     4 |     1 ||     5
Evoke: Wand              |       |       |       |     6 ||     6
  Use: Scroll            |       |       |    10 |       ||    10
       Potion            |       |       |     2 |       ||     2
Armor: Robe              |     3 |     5 |    56 |     5 ||    69
Dodge: Dodged            |     2 |    25 |   112 |    15 ||   154
